General information
- name: BNet
- type: Ladder team game (AT/RT)
- host: Battle.net
- saver: PIESOFTHENORTH
map: Deathknell
- players: 8
- length: 22:30
- speed: Fast
- version: 1.27 W3XP
- replay type: Public
» download(165 KB)
Players
team 1 (winner)

»
Flotus (
green | 53 APM | 1195 actions | 22:30)
4 Archmage
2 Summon Water Elemental
2 Brilliance Aura
3 Paladin
2 Holy Light
1 Divine Shield
» actions
| Assign group hotkey | 9 | |
| Build / train | 85 | |
| Enter build submenu | 38 | |
| Enter hero's abilities submenu | 7 | |
| Give item / drop item | 2 | |
| Remove unit from queue | 5 | |
| Right click | 573 | |
| Select / deselect | 381 | |
| Use ability | 95 | |
1195 total
» units
» upgrades
| Masonry | 3 | |
| Lumber Harvesting | 2 | |
| Gunpowder | 3 | |
| Plating | 3 | |
| Magic Sentry | 1 | |
| Barrage | 1 | |
13 total
» buildings
| Altar of Kings | 1 | |
| Farm | 13 | |
| Arcane Vault | 1 | |
| Keep | 5 | |
| Town Hall | 1 | |
| Lumber Mill | 2 | |
| Blacksmith | 1 | |
| Scout Tower | 12 | |
| Guard Tower | 6 | |
| Arcane Tower | 3 | |
| Workshop | 3 | |
| Castle | 5 | |
| Arcane Sanctum | 1 | |
54 total
» build order
00:02 Altar of Kings
00:03 Farm
00:50 Farm
01:21 Arcane Vault
03:25 Keep
03:25 Keep
03:25 Keep
04:01 Town Hall
04:13 Lumber Mill
04:16 Blacksmith
04:19 Farm
04:39 Farm
05:04 Farm
05:13 Scout Tower
05:16 Scout Tower
05:19 Scout Tower
05:43 Guard Tower
05:46 Scout Tower
05:47 Arcane Tower
05:52 Scout Tower
05:56 Scout Tower
05:57 Guard Tower
06:37 Arcane Tower
06:39 Guard Tower
07:05 Workshop
07:07 Workshop
07:09 Workshop
08:38 Castle
08:38 Castle
08:38 Castle
08:38 Castle
09:02 Farm
09:06 Farm
09:09 Farm
09:29 Arcane Sanctum
09:55 Farm
10:05 Scout Tower
10:58 Arcane Tower
11:16 Farm
11:21 Lumber Mill
12:10 Scout Tower
12:14 Scout Tower
12:18 Scout Tower
12:35 Scout Tower
12:38 Scout Tower
12:57 Guard Tower
13:15 Guard Tower
13:35 Farm
15:57 Farm
16:06 Guard Tower
21:47 Farm
» items
| Lesser Clarity Potion | 2 | |
| Scroll of Regeneration | 2 | |
| Scroll of Town Portal | 1 | |
5 total
LE_PANDA (
teal | 85 APM | 1905 actions | 22:29)
5 Archmage
3 Summon Water Elemental
2 Brilliance Aura
4 Mountain King
2 Storm Bolt
2 Bash
» actions
| Assign group hotkey | 173 | |
| Basic commands | 19 | |
| Build / train | 119 | |
| Enter build submenu | 40 | |
| Enter hero's abilities submenu | 10 | |
| Give item / drop item | 5 | |
| Remove unit from queue | 2 | |
| Right click | 674 | |
| Select / deselect | 351 | |
| Select group hotkey | 322 | |
| Use ability | 190 | |
1905 total
» units
| Peasant | 11 | |
| Footman | 5 | |
| Goblin Shredder | 1 | |
| Goblin Zeppelin | 1 | |
| Priest | 1 | |
| Sorceress | 3 | |
| Spell Breaker | 3 | |
| Goblin Sapper | 2 | |
| Siege Engine | 2 | |
| Knight | 2 | |
31 total
» upgrades
| Defend | 1 | |
| Masonry | 3 | |
| Sorceress Training | 1 | |
| Control Magic | 1 | |
| Swords | 1 | |
| Plating | 2 | |
| Gunpowder | 1 | |
| Animal War Training | 1 | |
11 total
» buildings
| Altar of Kings | 2 | |
| Farm | 10 | |
| Barracks | 1 | |
| Scout Tower | 21 | |
| Arcane Tower | 7 | |
| Lumber Mill | 1 | |
| Arcane Vault | 1 | |
| Keep | 1 | |
| Guard Tower | 29 | |
| Arcane Sanctum | 2 | |
| Castle | 1 | |
| Town Hall | 1 | |
| Blacksmith | 1 | |
| Workshop | 3 | |
81 total
» build order
00:02 Altar of Kings
00:04 Farm
00:05 Altar of Kings
00:34 Barracks
00:58 Farm
01:38 Farm
01:41 Scout Tower
02:09 Arcane Tower
02:09 Arcane Tower
03:00 Lumber Mill
03:10 Arcane Vault
04:03 Keep
04:22 Farm
05:36 Scout Tower
05:48 Farm
05:49 Scout Tower
05:50 Scout Tower
06:12 Guard Tower
07:22 Guard Tower
07:22 Guard Tower
07:25 Arcane Sanctum
07:27 Arcane Sanctum
07:50 Guard Tower
07:50 Guard Tower
07:53 Castle
08:50 Scout Tower
08:50 Scout Tower
08:51 Scout Tower
08:51 Scout Tower
09:23 Arcane Tower
09:24 Town Hall
09:25 Guard Tower
09:26 Guard Tower
10:10 Guard Tower
10:10 Guard Tower
10:26 Farm
10:27 Farm
12:13 Scout Tower
12:15 Scout Tower
12:45 Guard Tower
12:45 Guard Tower
12:46 Scout Tower
12:47 Scout Tower
12:48 Scout Tower
13:26 Guard Tower
13:28 Guard Tower
14:09 Guard Tower
14:09 Guard Tower
14:46 Blacksmith
15:27 Workshop
15:27 Workshop
15:27 Workshop
17:49 Farm
17:49 Farm
18:18 Farm
20:50 Scout Tower
20:50 Scout Tower
20:51 Scout Tower
20:52 Scout Tower
20:54 Scout Tower
20:54 Scout Tower
21:05 Scout Tower
21:06 Scout Tower
21:26 Guard Tower
21:26 Guard Tower
21:45 Arcane Tower
21:45 Arcane Tower
21:54 Guard Tower
21:54 Guard Tower
21:58 Guard Tower
21:58 Guard Tower
22:17 Guard Tower
» items
| Scroll of Regeneration | 7 | |
| Lesser Clarity Potion | 5 | |
| Potion of Healing | 4 | |
| Scroll of Town Portal | 3 | |
| Potion of Mana | 1 | |
| Dust of Appearance | 1 | |
21 total
Jonasz (
blue | 37 APM | 842 actions | 22:30)
3 Demon Hunter
2 Evasion
1 Immolation
1 Priestess of the Moon
1 Trueshot Aura
» actions
| Assign group hotkey | 7 | |
| Basic commands | 92 | |
| Build / train | 47 | |
| Enter build submenu | 15 | |
| Enter hero's abilities submenu | 4 | |
| Remove unit from queue | 1 | |
| Right click | 208 | |
| Select / deselect | 395 | |
| Select group hotkey | 27 | |
| Use ability | 46 | |
842 total
» units
» upgrades
| Ultravision | 1 | |
| Strength of the Moon | 2 | |
| Moon Armor | 2 | |
| Improved Bows | 1 | |
6 total
» buildings
| Moon Well | 11 | |
| Ancient of War | 1 | |
| Altar of Elders | 1 | |
| Hunter's Hall | 1 | |
| Tree of Ages | 2 | |
| Ancient of Wonders | 1 | |
| Tree of Life | 2 | |
| Tree of Eternity | 1 | |
20 total
» build order
00:37 Moon Well
00:48 Ancient of War
01:01 Altar of Elders
01:27 Moon Well
02:03 Moon Well
02:58 Moon Well
04:28 Hunter's Hall
04:56 Tree of Ages
05:38 Ancient of Wonders
07:16 Tree of Life
07:46 Tree of Eternity
10:18 Tree of Life
11:22 Tree of Ages
13:58 Moon Well
14:00 Moon Well
14:01 Moon Well
14:02 Moon Well
14:06 Moon Well
14:07 Moon Well
14:08 Moon Well

»
PIESOFTHENORTH (
purple | 60 APM | 1355 actions | 22:30)
4 Beastmaster
2 Summon Quilbeast
2 Summon Hawk
4 Crypt Lord
2 Impale
2 Spiked Carapace
» actions
| Assign group hotkey | 27 | |
| Basic commands | 94 | |
| Build / train | 74 | |
| ESC pressed | 4 | |
| Enter build submenu | 33 | |
| Enter hero's abilities submenu | 9 | |
| Give item / drop item | 2 | |
| Right click | 362 | |
| Select / deselect | 360 | |
| Select group hotkey | 298 | |
| Use ability | 92 | |
1355 total
» units
| Acolyte | 11 | |
| Ghoul | 12 | |
| Obsidian Statue | 1 | |
| Necromancer | 5 | |
| Goblin Sapper | 2 | |
| Abomination | 5 | |
36 total
» upgrades
| Unholy Strength | 3 | |
| Necromancer Training | 2 | |
| Banshee Training | 1 | |
| Skeletal Longevity | 1 | |
| Unholy Armor | 3 | |
| Cannibalize | 1 | |
| Exhume Corpses | 1 | |
| Creature Carapace | 1 | |
| Disease Cloud | 1 | |
14 total
» buildings
| Graveyard | 2 | |
| Crypt | 2 | |
| Necropolis | 2 | |
| Altar of Darkness | 1 | |
| Ziggurat | 22 | |
| Tomb of Relics | 1 | |
| Halls of the Dead | 1 | |
| Nerubian Tower | 2 | |
| Temple of the Damned | 1 | |
| Black Citadel | 1 | |
| Slaughterhouse | 2 | |
| Spirit Tower | 4 | |
41 total
» build order
00:10 Graveyard
00:11 Crypt
00:25 Graveyard
00:36 Crypt
01:23 Necropolis
01:31 Altar of Darkness
01:35 Ziggurat
01:36 Tomb of Relics
02:10 Ziggurat
03:10 Ziggurat
03:33 Halls of the Dead
03:35 Nerubian Tower
06:04 Temple of the Damned
06:51 Black Citadel
07:35 Slaughterhouse
09:43 Spirit Tower
12:59 Ziggurat
13:00 Ziggurat
13:01 Necropolis
13:02 Ziggurat
13:04 Ziggurat
13:05 Ziggurat
13:54 Nerubian Tower
13:54 Spirit Tower
13:55 Spirit Tower
13:59 Slaughterhouse
15:03 Spirit Tower
16:22 Ziggurat
16:26 Ziggurat
16:27 Ziggurat
16:33 Ziggurat
19:57 Ziggurat
19:58 Ziggurat
19:59 Ziggurat
20:00 Ziggurat
20:23 Ziggurat
20:24 Ziggurat
20:25 Ziggurat
20:25 Ziggurat
21:50 Ziggurat
21:51 Ziggurat
» items
| Dust of Appearance | 1 | |
| Potion of Healing | 3 | |
| Orb of Corruption | 1 | |
| Scroll of Town Portal | 1 | |
6 total
team 2 (loser)

»
NOKIA123 (
orange | 28 APM | 621 actions | 22:14)
3 Demon Hunter
1 Immolation
1 Evasion
1 Mana Burn
3 Warden
2 Fan of Knives
1 Shadow Strike
» actions
| Build / train | 46 | |
| Enter build submenu | 36 | |
| Enter hero's abilities submenu | 6 | |
| Remove unit from queue | 1 | |
| Right click | 213 | |
| Select / deselect | 246 | |
| Use ability | 73 | |
621 total
» units
| Wisp | 13 | |
| Hippogryph | 5 | |
| Chimaera | 4 | |
| Kodo Beast | 2 | |
24 total
» upgrades
» buildings
| Tree of Ages | 1 | |
| Altar of Elders | 1 | |
| Moon Well | 12 | |
| Tree of Eternity | 1 | |
| Ancient of Wind | 1 | |
| Ancient of Wonders | 1 | |
| Chimaera Roost | 2 | |
| Tree of Life | 3 | |
| Hunter's Hall | 1 | |
| Ancient Protector | 1 | |
| Watch Tower | 11 | |
35 total
» build order
01:57 Tree of Ages
02:17 Altar of Elders
02:20 Moon Well
02:47 Moon Well
03:39 Moon Well
03:47 Moon Well
04:35 Moon Well
04:42 Moon Well
05:33 Moon Well
05:39 Moon Well
06:48 Tree of Eternity
06:52 Ancient of Wind
07:52 Moon Well
07:58 Moon Well
08:37 Moon Well
09:18 Ancient of Wonders
09:23 Chimaera Roost
09:25 Chimaera Roost
09:52 Moon Well
11:13 Tree of Life
12:20 Tree of Life
12:26 Hunter's Hall
14:17 Ancient Protector
17:58 Tree of Ages
19:29 Tree of Life
20:49 Watch Tower
20:51 Watch Tower
20:53 Watch Tower
20:54 Watch Tower
20:58 Watch Tower
20:59 Watch Tower
21:01 Watch Tower
21:03 Watch Tower
21:07 Watch Tower
21:10 Watch Tower
21:12 Watch Tower
» items
| Potion of Healing | 2 | |
| Orb of Venom | 2 | |
| Moonstone | 1 | |
| Scroll of Speed | 1 | |
| Scroll of Town Portal | 3 | |
9 total
bm3 (
yellow | 47 APM | 1047 actions | 22:29)
5 Blademaster
2 Wind Walk
3 Critical Strike
3 Shadow Hunter
2 Healing Wave
1 Hex
» actions
| Build / train | 65 | |
| Enter build submenu | 16 | |
| Enter hero's abilities submenu | 8 | |
| Give item / drop item | 12 | |
| Remove unit from queue | 3 | |
| Right click | 450 | |
| Select / deselect | 400 | |
| Use ability | 92 | |
1047 total
» units
» upgrades
| Melee Weapons | 2 | |
| Armor | 2 | |
| Spiked Barricades | 1 | |
5 total
» buildings
| Altar of Storms | 1 | |
| Orc Burrow | 7 | |
| Voodoo Lounge | 2 | |
| Barracks | 2 | |
| War Mill | 3 | |
| Stronghold | 1 | |
| Fortress | 1 | |
17 total
» build order
00:04 Altar of Storms
00:05 Orc Burrow
00:34 Voodoo Lounge
01:05 Voodoo Lounge
01:14 Barracks
01:55 Orc Burrow
03:03 Barracks
03:07 Orc Burrow
05:21 War Mill
05:34 Orc Burrow
06:11 Stronghold
06:54 War Mill
13:21 Orc Burrow
13:24 War Mill
13:33 Fortress
14:03 Orc Burrow
14:49 Fortress
19:23 Orc Burrow
» items
| Healing Salve | 6 | |
| Lesser Clarity Potion | 4 | |
| Scroll of Speed | 3 | |
| Potion of Mana | 5 | |
| Scroll of Town Portal | 3 | |
| Orb of Lightning | 2 | |
| Tiny Great Hall | 1 | |
24 total

»
MlecznyStart (
red | 45 APM | 999 actions | 22:20)
2 Archmage
1 Summon Water Elemental
1 Brilliance Aura
1 Blood Mage
1 Flame Strike
» actions
| Build / train | 72 | |
| Enter build submenu | 28 | |
| Enter hero's abilities submenu | 3 | |
| Remove unit from queue | 3 | |
| Right click | 476 | |
| Select / deselect | 349 | |
| Use ability | 68 | |
999 total
» units
| Peasant | 51 | |
| Flying Machine | 2 | |
| Gryphon Rider | 1 | |
54 total
» upgrades
| Lumber Harvesting | 2 | |
| Masonry | 1 | |
| Flying Machine Bombs | 1 | |
| Plating | 1 | |
5 total
» buildings
| Keep | 1 | |
| Scout Tower | 3 | |
| Altar of Kings | 1 | |
| Arcane Tower | 2 | |
| Farm | 14 | |
| Castle | 1 | |
| Blacksmith | 1 | |
| Lumber Mill | 1 | |
| Guard Tower | 1 | |
| Workshop | 1 | |
| Gryphon Aviary | 2 | |
| Town Hall | 2 | |
30 total
» build order
02:05 Keep
02:18 Scout Tower
02:32 Altar of Kings
03:14 Arcane Tower
03:30 Farm
03:34 Farm
03:43 Farm
03:47 Farm
04:17 Farm
04:59 Farm
06:07 Farm
06:10 Farm
07:14 Castle
08:04 Farm
08:11 Farm
08:14 Farm
08:17 Scout Tower
08:22 Farm
08:32 Farm
08:34 Farm
08:49 Blacksmith
09:49 Arcane Tower
14:48 Lumber Mill
16:12 Scout Tower
16:27 Guard Tower
16:54 Workshop
17:34 Gryphon Aviary
18:28 Gryphon Aviary
19:22 Town Hall
21:02 Town Hall
Quek (
pink | 46 APM | 951 actions | 20:31)
4 Blademaster
2 Wind Walk
2 Critical Strike
» actions
| Basic commands | 31 | |
| Build / train | 54 | |
| Enter build submenu | 14 | |
| Enter hero's abilities submenu | 4 | |
| Remove unit from queue | 1 | |
| Right click | 559 | |
| Select / deselect | 261 | |
| Use ability | 27 | |
951 total
» units
| Peon | 10 | |
| Troll Batrider | 18 | |
| Wind Rider | 4 | |
32 total
» upgrades
| Ranged Weapons | 3 | |
| Armor | 3 | |
| Pillage | 1 | |
| Liquid Fire | 1 | |
| Envenomed Spears | 1 | |
| Reinforced Defenses | 1 | |
10 total
» buildings
| Altar of Storms | 1 | |
| Orc Burrow | 7 | |
| Voodoo Lounge | 1 | |
| Stronghold | 1 | |
| War Mill | 1 | |
| Beastiary | 2 | |
| Fortress | 1 | |
14 total
» build order
00:10 Altar of Storms
00:21 Orc Burrow
01:16 Orc Burrow
01:20 Voodoo Lounge
02:48 Stronghold
02:52 War Mill
04:11 Orc Burrow
05:16 Beastiary
05:18 Beastiary
05:22 Fortress
08:02 Orc Burrow
11:16 Orc Burrow
13:32 Orc Burrow
14:35 Orc Burrow
» items
| Healing Salve | 1 | |
| Lesser Clarity Potion | 1 | |
| Scroll of Town Portal | 2 | |
4 total
Chat log
(00:16 / Allies) Flotus: tanks
(00:23 / All) bm3: we got afk
(00:26 / All) bm3: looose
(00:55 / Allies) Jonasz: just a late bloomer :)
(02:57 / Allies) PIESOFTHENORTH: so... no one's gonna poke top? :P
(03:27 / Allies) LE_PANDA: i help ?
(03:46 / Allies) Flotus: ty
(04:39 / Allies) PIESOFTHENORTH: really, you're flat out told it's a 3v4 and you just creep? lol
(04:48 / Allies) LE_PANDA: how do you know ?
(04:59 / Allies) PIESOFTHENORTH: that's why I asked WHY DON'T YOU SCOUT
(05:23 / Allies) LE_PANDA: i dont care about their shit talking
(05:27 / Allies) LE_PANDA: pink is teching = no mass n oafk
(05:35 / Allies) PIESOFTHENORTH: note the 2 rax
(05:55 / Allies) LE_PANDA: hh
(07:04 / Allies) PIESOFTHENORTH: see, now we know at least.
(07:13 / All) PIESOFTHENORTH: good try though
(11:52 / Allies) LE_PANDA: actually its really mass grunts
(11:55 / Allies) LE_PANDA: what a faggot game
(13:31 / All) PIESOFTHENORTH: nice job
(13:44 / Allies) PIESOFTHENORTH: after that display, you don't get to have a base anymore blue
(13:46 / Allies) PIESOFTHENORTH: no more feeding for you
(14:35 / Allies) LE_PANDA: whats up there
(15:18 / Allies) Jonasz: dunno purple got hacked or sth
(15:37 / Allies) PIESOFTHENORTH: No you moron, you were feeding, so I stopped you from doing it again.
(15:48 / Allies) PIESOFTHENORTH: because I don't actually want their heroes to get more powerful
(17:34 / Allies) LE_PANDA: gotta b
(20:09 / All) LE_PANDA: pls no yellow
(20:11 / All) LE_PANDA: not the farm
(20:22 / Allies) Jonasz: oh i get it now
(20:27 / Allies) Jonasz: x]
(20:40 / All) LE_PANDA: not the shredder omg only 6k wood remaining
(21:25 / Allies) PIESOFTHENORTH: kill tower
(21:41 / All) PIESOFTHENORTH: too bad you can't frenzy tanks lol
(21:57 / All) PIESOFTHENORTH: pls blizz, 1.27b, you know what you must do!
(22:06 / Allies) LE_PANDA: ye remove tanks ^^
(22:10 / Allies) LE_PANDA: not buff :p
(22:20 / All) PIESOFTHENORTH: awww could you imagine buffed tanks lol
(22:28 / Allies) LE_PANDA: i dont want to ^^